Map: Heavy Artillery LE

Players

Darwolia - Winner!

  • Race: Protoss Protoss
  • Spawn Location: 7:00

Weazle - Winner!

  • Race: Protoss Protoss
  • League: Master
  • Spawn Location: 7:00

Massa

  • Race: Terran Terran
  • Spawn Location: 3:00

qqq

  • Race: Protoss Protoss
  • Spawn Location: 1:00

VOD

Have the link to the VOD?

Description

Time

  • Played on: June 11, 2020, 7:15 a.m.
  • Length: 13:05
Show
View Real Time Build Order
Export as new Build Order

Darwolia Protoss - Winner!

Build Orders: Blink Stalkers 

Get SALT Encoding   

  12  0:00  Probe  
  13  0:13  Probe  
  14  0:21  Pylon  
  14  0:25  Probe  
  15  0:35  Probe  
  15  0:41  Gateway  
  16  0:43  Probe  
  17  0:54  Probe  
  18  1:01  Assimilator  
  18  1:06  Probe  
  18  1:08  Assimilator  
  19  1:18  Probe  
  20  1:30  Probe, Gateway  
  20  1:31  Cybernetics Core  
  21  1:34  Pylon  
  21  1:42  Probe  
  22  1:56  Probe  
  23  2:06  Nexus  
  23  2:10  Probe  
  24  2:15  Warp Gate  
  24  2:26  Adept x2  
  24  2:27  Probe  
  29  2:37  Pylon  
  29  2:42  Probe  
  30  2:51  Twilight Council  
  30  3:03  Probe  
  31  3:13  Probe  
  31  3:16  Probe  
  33  3:21  Probe  
  33  3:24  Probe  
  34  3:30  Probe  
  34  3:33  Probe  
  34  3:34  Pylon  
  36  3:35  Blink  
  36  3:37  Pylon  
  37  3:47  Probe  
  37  3:50  Probe, Gateway  
  37  3:53  Gateway  
  39  4:02  Probe, Pylon  
  40  4:14  Robotics Facility  
  40  4:18  Probe  
  40  4:19  Probe  
  40  4:21  Assimilator  
  42  4:27  Probe  
  42  4:28  Probe  
  42  4:29  Gateway  
  44  4:32  Gateway  
  44  4:35  Probe  
  45  4:49  Probe  
  45  4:50  Probe, Forge  
  47  4:58  Assimilator  
  47  5:02  Probe x2  
  47  5:06  Stalker x4  
  57  5:13  Observer  
  58  5:17  Probe x2  
  60  5:25  Protoss Ground Weapons Level 1  
  60  5:27  Dark Shrine  
  60  5:29  Probe x2  
  62  5:45  Probe x2  
  62  5:46  Nexus  
  64  5:54  Pylon  
  64  5:56  Pylon  
  64  5:57  Pylon  
  64  5:58  Pylon  
  64  6:01  Stalker  
  64  6:02  Pylon, Stalker x2  
  64  6:03  Pylon  
  70  6:06  Charge  
  70  6:49  Probe  
  70  6:50  Probe  
  72  6:58  Probe x3  
  72  7:01  Assimilator  
  72  7:03  Assimilator  
  72  7:06  Stalker x5  
  72  7:07  Probe, Stalker  
  87  7:14  Gateway  
  88  7:17  Gateway  
  88  7:24  Warp Prism  
  88  7:33  Protoss Ground Armor Level 1  
  90  7:38  Probe x2  
  90  7:40  Probe  
  92  7:46  Probe  
  92  7:47  Probe  
  92  7:48  Probe  
  95  7:58  Probe x2  
  95  7:59  Probe  
  95  8:04  Zealot x5  
  95  8:05  Zealot  
  110  8:14  Dark Templar x2  
  114  8:25  Dark Templar x2  
  118  8:47  Nexus  
  118  8:48  Pylon  
  118  8:50  Assimilator  
  118  8:54  Assimilator  
  118  9:01  Forge  
  118  9:04  Nexus, Sentry x3  
  118  9:06  Zealot x5  
  118  9:08  Assimilator  
  134  9:12  Assimilator  
  134  9:16  Pylon  
  134  9:35  Dark Templar x6  
  146  9:56  Protoss Ground Weapons Level 2, Protoss Ground Armor Level 2  
  74  10:36  Stalker x3  
  74  10:37  Stalker x5  
  82  10:53  Probe  
  82  10:55  Probe  
  84  11:01  Zealot x7  
  84  11:02  Zealot  
  100  11:05  Probe  
  100  11:07  Probe  
  100  11:11  Gateway  
  102  11:17  Probe  
  103  11:18  Gateway  
  103  11:19  Probe  
  103  11:20  Gateway  
  103  11:23  Immortal  
  108  11:26  Gateway  
  108  11:33  Pylon  
  108  11:35  Stalker  
  108  11:36  Stalker x5  
  108  11:37  Pylon, Stalker x2  
  108  11:39  Pylon  
  124  11:40  Pylon  
  124  11:46  Pylon  
  124  12:03  Immortal  
  112  12:33  Pylon, Stalker  
  112  12:34  Stalker x6  
  112  12:35  Stalker x3  
Show
View Real Time Build Order
Export as new Build Order

Weazle Protoss - Winner!

Build Orders: 1 Gate Expand, Phoenix Opening, Carriers, Mass Phoenix 

Get SALT Encoding   

  12  0:01  Probe  
  13  0:13  Probe  
  14  0:17  Pylon  
  14  0:24  Probe  
  15  0:32  Probe  
  15  0:39  Gateway  
  15  0:40  Probe  
  16  0:48  Assimilator  
  17  0:52  Probe  
  18  1:04  Probe  
  19  1:23  Nexus  
  19  1:33  Cybernetics Core  
  19  1:36  Probe  
  20  1:44  Probe  
  20  1:45  Pylon  
  20  1:52  Probe, Assimilator  
  22  2:04  Probe  
  23  2:09  Adept  
  23  2:10  Warp Gate  
  23  2:12  Probe  
  25  2:21  Probe  
  26  2:27  Pylon  
  27  2:31  Probe  
  28  2:38  Stargate  
  28  2:41  Probe  
  29  2:48  Probe  
  29  2:49  Probe  
  31  2:58  Assimilator  
  31  3:01  Probe  
  32  3:06  Probe  
  32  3:08  Stargate  
  32  3:09  Probe  
  33  3:17  Pylon  
  33  3:18  Probe  
  33  3:19  Probe  
  35  3:21  Phoenix  
  38  3:29  Assimilator  
  38  3:30  Probe  
  39  3:34  Probe  
  39  3:39  Phoenix  
  40  3:43  Probe  
  40  3:46  Probe  
  44  3:51  Phoenix  
  44  3:55  Probe  
  47  4:02  Probe  
  48  4:04  Phoenix  
  50  4:11  Probe  
  50  4:14  Probe  
  50  4:16  Phoenix  
  54  4:29  Fleet Beacon  
  54  4:31  Pylon  
  54  4:34  Probe, Phoenix  
  54  4:38  Probe  
  58  4:45  Phoenix  
  60  4:49  Probe  
  60  4:51  Phoenix  
  60  4:52  Probe  
  64  5:04  Nexus  
  64  5:08  Anion Pulse-Crystals  
  64  5:10  Phoenix  
  64  5:13  Pylon  
  66  5:20  Probe  
  66  5:21  Probe  
  68  5:27  Phoenix  
  70  5:32  Probe  
  70  5:33  Probe  
  72  5:37  Phoenix  
  74  5:43  Pylon  
  74  5:44  Probe  
  74  5:45  Probe  
  76  5:52  Phoenix  
  76  5:56  Assimilator  
  78  6:00  Assimilator  
  78  6:01  Probe x2  
  78  6:03  Phoenix  
  82  6:04  Protoss Air Weapons Level 1  
  82  6:05  Pylon  
  82  6:13  Probe  
  82  6:17  Probe, Phoenix  
  85  6:20  Probe  
  87  6:25  Probe  
  87  6:30  Phoenix  
  87  6:32  Probe  
  91  6:33  Probe  
  92  6:41  Cybernetics Core  
  92  6:42  Phoenix  
  94  6:52  Pylon  
  94  6:53  Pylon  
  94  6:55  Phoenix, Forge  
  94  6:58  Probe x2  
  98  7:02  Stargate  
  98  7:04  Stargate  
  98  7:07  Phoenix  
  100  7:11  Phoenix  
  92  7:21  Probe x2  
  96  7:24  Protoss Air Armor Level 1  
  96  7:27  Protoss Shields Level 1  
  96  7:33  Phoenix  
  98  7:40  Phoenix  
  98  7:43  Probe x2  
  102  7:44  Probe  
  102  7:50  Phoenix  
  105  7:51  Phoenix  
  105  7:55  Probe, Nexus  
  105  7:57  Probe x2, Pylon  
  110  8:00  Pylon  
  110  8:03  Assimilator  
  110  8:07  Phoenix  
  110  8:11  Assimilator  
  110  8:12  Protoss Air Weapons Level 2  
  112  8:14  Phoenix  
  112  8:16  Probe x2  
  116  8:22  Photon Cannon  
  116  8:23  Photon Cannon  
  116  8:24  Probe  
  116  8:25  Photon Cannon  
  117  8:28  Photon Cannon  
  117  8:32  Carrier  
  123  8:38  Phoenix  
  125  8:47  Probe x2  
  125  8:48  Probe  
  128  8:59  Carrier  
  134  9:03  Nexus  
  134  9:07  Phoenix  
  134  9:09  Probe x2  
  138  9:13  Pylon  
  138  9:16  Pylon  
  130  9:25  Phoenix  
  130  9:30  Probe x3  
  135  9:39  Carrier  
  141  9:48  Photon Cannon  
  141  9:50  Photon Cannon  
  141  9:52  Photon Cannon  
  140  9:53  Stargate  
  140  9:55  Stargate  
  140  9:59  Carrier x2  
  151  10:11  Twilight Council  
  151  10:12  Pylon  
  151  10:13  Pylon  
  151  10:19  Protoss Air Armor Level 2  
  151  10:20  Photon Cannon  
  149  10:21  Photon Cannon  
  149  10:23  Photon Cannon  
  145  10:36  Carrier  
  145  10:43  Carrier  
  151  10:52  Gateway  
  151  10:53  Gateway  
  151  10:56  Carrier  
  151  10:57  Gateway  
  157  11:04  Nexus  
  157  11:07  Pylon  
  157  11:10  Carrier, Pylon  
  157  11:13  Assimilator  
  157  11:18  Assimilator  
  157  11:23  Phoenix  
  165  11:26  Probe  
  165  11:27  Probe  
  165  11:31  Probe x2  
  169  11:33  Carrier  
  169  11:40  Phoenix  
  175  11:47  Photon Cannon  
  175  11:50  Photon Cannon  
  175  11:52  Photon Cannon  
  175  11:53  Photon Cannon  
  150  12:16  Tempest x3  
  159  12:35  Probe x2  
  173  12:50  Nexus  
Show
View Real Time Build Order
Export as new Build Order

Massa Terran 

Build Orders:  

Get SALT Encoding   

  12  0:10  SCV  
  13  0:20  Supply Depot  
  13  0:22  SCV  
  14  0:34  SCV  
  15  0:47  Barracks  
  15  0:48  SCV  
  16  1:00  SCV  
  17  1:12  SCV  
  17  1:18  Refinery  
  18  1:28  Command Center  
  18  1:37  Supply Depot  
  18  1:38  Marine  
  19  1:43  SCV  
  20  1:55  SCV  
  20  1:56  Marine  
  22  2:02  Supply Depot  
  22  2:10  Barracks  
  22  2:14  Marine  
  23  2:18  SCV  
  24  2:30  SCV  
  24  2:32  Marine  
  26  2:48  SCV x2  
  28  2:59  Factory  
  28  3:00  SCV x2  
  30  3:08  Barracks  
  30  3:12  SCV, Barracks Tech Lab  
  31  3:13  Marine  
  32  3:24  Engineering Bay  
  32  3:31  Marine  
  33  3:39  SCV x2  
  35  3:45  Factory Tech Lab  
  35  3:51  SCV x2, Barracks  
  35  3:54  Terran Infantry Weapons Level 1  
  37  3:57  Missile Turret  
  37  4:00  Barracks Tech Lab  
  37  4:09  Orbital Command  
  37  4:10  SCV  
  37  4:16  Refinery  
  38  4:18  Marauder  
  38  4:22  SCV  
  40  4:24  Stimpack  
  40  4:34  SCV  
  40  4:36  Barracks Reactor  
  41  4:47  SCV, Barracks Tech Lab  
  42  4:53  SCV, Command Center  
  42  4:57  Refinery  
  42  4:59  SCV  
  44  5:05  SCV  
  45  5:07  Siege Tank  
  45  5:11  SCV  
  45  5:14  Marauder, Marine x3  
  54  5:26  Supply Depot  
  54  5:28  Supply Depot  
  54  5:31  Missile Turret  
  54  5:36  Missile Turret  
  54  5:40  Missile Turret  
  54  5:41  Orbital Command  
  54  5:47  Marine x4  
  54  5:48  SCV, Marauder  
  61  5:50  Missile Turret  
  61  5:52  Supply Depot  
  61  5:57  Concussive Shells  
  61  6:00  SCV  
  61  6:01  Terran Infantry Armor Level 1  
  61  6:04  Combat Shield  
  62  6:05  Marine  
  62  6:06  Marauder  
  62  6:10  SCV x2  
  67  6:12  SCV  
  67  6:14  Marauder, Marine  
  71  6:22  SCV  
  71  6:24  Marauder, Marine  
  75  6:27  Marauder  
  75  6:32  Marine  
  78  6:36  Armory, Marauder  
  80  6:42  Missile Turret  
  80  6:44  Orbital Command  
  80  6:45  SCV  
  80  6:46  SCV  
  82  6:51  Marauder x2  
  86  6:57  SCV, Marauder  
  86  6:58  Marine x2  
  91  7:02  Missile Turret  
  91  7:12  Engineering Bay  
  91  7:16  Marine x2  
  93  7:23  Missile Turret  
  93  7:27  Missile Turret  
  93  7:47  Missile Turret, Supply Depot  
  93  7:50  Supply Depot  
  93  7:54  Missile Turret  
  93  8:07  Factory  
  93  8:08  Missile Turret  
  93  8:09  SCV x2, Thor  
  93  8:10  Terran Infantry Armor Level 2  
  93  8:11  SCV, Marine, Supply Depot  
  103  8:13  Terran Vehicle Weapons Level 1  
  103  8:20  Refinery  
  103  8:21  SCV x2  
  103  8:23  SCV  
  106  8:27  Missile Turret  
  106  8:28  Refinery, Marauder, Marine  
  106  8:32  Marauder x2, Marine  
  114  8:34  Supply Depot  
  114  8:38  SCV x3  
  117  8:46  Refinery  
  117  8:47  Missile Turret  
  117  8:54  Supply Depot  
  117  8:55  Marine x3  
  117  8:56  Marauder x2  
  117  8:57  Supply Depot  
  124  9:05  Factory Tech Lab  
  124  9:08  Thor, Missile Turret  
  130  9:13  Marine x3  
  130  9:16  Marine  
  133  9:17  Marauder, Supply Depot  
  133  9:20  Supply Depot  
  136  9:28  Starport  
  136  9:31  Marine x3  
  138  9:34  Marine  
  138  9:38  Marine  
  141  9:42  Thor  
  141  9:43  Supply Depot  
  147  9:49  Marine x3  
  147  9:52  Marine  
  151  9:56  Marine  
  151  10:06  Marine x2, Supply Depot  
  146  10:07  Marauder  
  146  10:10  Marauder  
  150  10:14  Marauder  
  150  10:27  Starport  
  137  10:28  Marauder  
  137  10:31  Supply Depot  
  137  10:32  Marauder  
  110  10:50  Marauder x2  
  110  10:52  Marine x2  
  110  10:53  Marauder  
  110  10:54  Thor x2, Supply Depot  
  128  10:59  Medivac  
  130  11:09  Marine  
  130  11:10  Marine  
  134  11:11  Marauder x2  
  134  11:15  SCV x3, Marauder  
  134  11:18  Supply Depot  
  141  11:27  SCV, Marine, Medivac  
  141  11:28  Marine  
  141  11:29  Command Center, Medivac  
  150  11:33  Marauder x2  
  150  11:36  Marauder  
  150  11:37  Thor  
  160  11:45  Marine x2  
  160  11:46  SCV  
  160  11:47  SCV x2  
  166  11:54  Marauder x2  
  166  11:57  Marauder, Medivac  
  166  11:59  SCV x3, Medivac  
  173  12:03  Marine  
  174  12:11  SCV x3  
  181  12:15  Marauder  
  181  12:16  Marauder  
  181  12:18  Marine  
  176  12:23  SCV  
  176  12:27  Medivac  
  176  12:29  Marine  
  160  12:30  Marine  
  160  12:37  Marauder x3  
  120  12:47  Marine  
  120  12:48  Missile Turret  
Show
View Real Time Build Order
Export as new Build Order

qqq Protoss 

Build Orders: 1 Gate Expand, Phoenix Opening, Mass Phoenix 

Get SALT Encoding   

  12  0:02  Probe  
  13  0:14  Probe  
  14  0:24  Pylon  
  14  0:30  Probe  
  14  0:35  Pylon  
  15  0:45  Gateway  
  15  0:56  Probe  
  16  1:00  Assimilator  
  16  1:15  Probe  
  17  1:27  Probe  
  18  1:33  Nexus  
  18  1:44  Cybernetics Core  
  18  1:47  Probe  
  19  1:59  Probe, Assimilator  
  20  2:12  Probe  
  21  2:24  Probe  
  21  2:26  Stargate  
  22  2:32  Pylon  
  22  2:36  Probe  
  23  2:42  Pylon  
  23  2:45  Probe  
  23  2:48  Probe  
  25  2:57  Probe  
  26  3:05  Stargate  
  26  3:09  Probe  
  26  3:11  Phoenix  
  29  3:21  Probe  
  29  3:24  Assimilator  
  30  3:30  Assimilator  
  30  3:33  Probe  
  31  3:39  Phoenix  
  33  3:46  Probe  
  34  3:58  Probe, Phoenix  
  37  4:05  Phoenix  
  39  4:10  Probe  
  40  4:22  Probe  
  40  4:23  Phoenix  
  43  4:31  Protoss Air Weapons Level 1  
  43  4:33  Phoenix  
  43  4:34  Probe  
  46  4:46  Probe  
  46  4:48  Phoenix  
  49  4:58  Probe, Phoenix  
  52  5:10  Probe  
  53  5:14  Fleet Beacon  
  53  5:22  Probe  
  53  5:23  Phoenix  
  56  5:31  Phoenix  
  56  5:34  Probe  
  59  5:47  Probe  
  59  5:48  Phoenix  
  62  5:54  Pylon  
  62  5:59  Anion Pulse-Crystals  
  62  6:04  Pylon  
  62  6:11  Phoenix  
  62  6:12  Probe  
  62  6:14  Pylon  
  65  6:21  Phoenix  
  65  6:24  Probe  
  68  6:30  Protoss Air Armor Level 1  
  68  6:37  Phoenix  
  68  6:46  Phoenix, Forge  
  70  6:49  Probe  
  71  7:01  Probe  
  71  7:02  Phoenix  
  73  7:11  Phoenix  
  73  7:13  Probe  
  64  7:23  Photon Cannon  
  64  7:25  Probe  
  64  7:26  Photon Cannon  
  65  7:31  Phoenix  
  67  7:52  Phoenix  
  67  7:55  Nexus  
  67  7:57  Carrier  
  75  8:13  Robotics Facility  
  75  8:17  Carrier  
  81  8:25  Pylon  
  81  8:30  Pylon  
  81  8:39  Pylon  
  81  8:49  Pylon  
  81  8:54  Pylon  
  81  9:01  Carrier  
  87  9:14  Mothership  
  86  9:17  Photon Cannon  
  86  9:19  Photon Cannon  
  86  9:21  Phoenix  
  85  9:34  Observer  
  69  10:12  Carrier  
  75  10:23  Nexus  
  75  10:30  Photon Cannon  
  75  10:34  Photon Cannon  
  71  10:48  Carrier  
  77  11:04  Probe  
  78  11:15  Probe  
  79  11:27  Probe  
  80  11:38  Assimilator  
  81  11:40  Probe  
  81  11:42  Assimilator  
  81  11:52  Probe  
  70  12:04  Probe  
  52  12:16  Probe  
  52  12:18  Tempest  
  47  12:36  Probe  
  48  12:38  Probe  
  53  12:48  Probe  
  53  12:50  Probe  
Tags
 
Add a new tag
Caveats
  • Supply blocks, unpowered buildings, or Contaminate may cause inaccurate times.
  • Supply counts are checked every 10 seconds.